Map: Protocole central

Players

YourMuMisEZ

  • Race: Terran Terran
  • League: Gold

Worming - Winner!

  • Race: Zerg Zerg
  • League: Platinum

VOD

Have the link to the VOD?

Description

Time

  • Played on: Nov. 11, 2015, 11:23 a.m.
  • Length: 11:09
Show
View Real Time Build Order
Export as new Build Order

YourMuMisEZ Terran 

Build Orders:  

Get SALT Encoding   

  12  0:01  SCV  
  13  0:13  SCV  
  14  0:26  Supply Depot  
  14  0:28  SCV  
  15  0:38  Refinery  
  15  0:47  SCV  
  15  0:48  Barracks  
  16  0:59  SCV  
  17  1:11  SCV  
  18  1:24  SCV  
  19  1:30  Supply Depot  
  19  1:36  Orbital Command  
  20  1:42  Reaper  
  20  1:50  Refinery  
  20  2:02  SCV  
  21  2:15  Marine, SCV  
  23  2:21  Factory  
  23  2:27  SCV  
  24  2:37  Command Center  
  24  2:45  SCV  
  25  2:57  SCV  
  26  3:03  Marine  
  27  3:07  Starport, Factory Tech Lab  
  27  3:09  SCV  
  28  3:20  Supply Depot  
  28  3:22  Bunker, SCV  
  28  3:23  Engineering Bay  
  29  3:27  Barracks  
  29  3:34  SCV  
  30  3:36  Supply Depot  
  30  3:46  SCV  
  31  3:50  Marine  
  32  3:58  SCV  
  33  4:03  Hellion  
  33  4:07  Marine  
  38  4:10  SCV  
  38  4:12  Orbital Command  
  39  4:17  Viking  
  39  4:22  SCV  
  40  4:24  Hellion  
  40  4:28  Marine x2  
  44  4:32  Supply Depot  
  44  4:39  SCV  
  44  4:40  Refinery  
  45  4:47  Medivac  
  45  4:51  Factory  
  47  4:53  SCV  
  47  4:54  SCV  
  47  4:55  Hellion  
  51  5:06  SCV x2  
  53  5:10  Marine  
  54  5:18  SCV x2  
  56  5:28  Hellion  
  58  5:40  SCV x2  
  58  5:52  SCV  
  58  5:53  Factory  
  58  5:58  Factory Tech Lab  
  58  6:00  SCV  
  59  6:04  SCV  
  60  6:12  SCV  
  61  6:21  Refinery, Hellion x2  
  61  6:30  Armory, SCV x2  
  61  6:32  Armory  
  63  6:38  Factory Reactor  
  63  6:40  Starport Reactor  
  63  6:42  Hellion, Starport Tech Lab, SCV  
  63  6:44  Starport  
  63  6:45  SCV  
  67  6:54  SCV  
  67  6:57  SCV  
  69  7:10  Supply Depot x2  
  69  7:11  SCV x2  
  69  7:12  Supply Depot  
  70  7:29  Supply Depot  
  70  7:31  Cyclone x2  
  70  7:32  Hellion x2, SCV x2  
  82  7:51  Liberator, Supply Depot  
  82  7:53  Terran Vehicle Weapons Level 1, Hellion x2, Terran Vehicle And Ship Armor Level 1  
  86  7:58  SCV  
  86  7:59  SCV  
  86  8:03  Cyclone  
  86  8:04  Cyclone  
  97  8:14  Hellion x2  
  97  8:16  SCV  
  102  8:29  Supply Depot  
  100  8:35  Cyclone  
  100  8:36  Cyclone, Hellbat x2  
  100  8:40  Liberator  
  110  9:00  Starport Reactor  
  110  9:01  SCV x2  
  115  9:08  Cyclone  
  118  9:13  Supply Depot  
  118  9:14  Supply Depot  
  118  9:15  Command Center  
  118  9:16  Supply Depot  
  118  9:17  Supply Depot  
  118  9:33  Liberator x2  
  118  9:35  Cyclone, Hellbat x2  
  118  9:40  Cyclone  
  115  10:07  Cyclone, Hellion  
  115  10:08  Hellion  
  115  10:12  Cyclone  
  116  10:29  Hellion x2  
  116  10:35  Orbital Command  
  120  10:36  Supply Depot  
Show
View Real Time Build Order
Export as new Build Order

Worming Zerg - Winner!

Build Orders: Hatch First, Lurkers 

Get SALT Encoding   

  12  0:01  Drone  
  13  0:11  Drone  
  14  0:17  Overlord  
  14  0:30  Drone x2, Extractor x2  
  16  0:36  Drone  
  17  0:57  Hatchery  
  17  1:02  Drone  
  17  1:03  Drone  
  18  1:07  Drone  
  19  1:19  Spawning Pool  
  19  1:22  Drone  
  19  1:29  Drone  
  20  1:38  Overlord  
  20  1:49  Overlord  
  20  1:52  Extractor  
  19  2:05  Queen  
  21  2:09  Queen  
  21  2:10  Zergling x4  
  29  2:37  Drone x5  
  29  2:45  Queen  
  31  2:52  Zergling x4  
  31  2:54  Metabolic Boost  
  33  3:04  Drone x3  
  36  3:14  Overlord  
  36  3:15  Drone x2  
  38  3:20  Drone x4  
  38  3:21  Overlord  
  42  3:32  Queen x2  
  46  3:48  Drone  
  47  3:54  Hatchery  
  46  4:08  Lair  
  46  4:19  Overlord  
  46  4:21  Spore Crawler  
  46  4:22  Zergling x2  
  46  4:23  Zergling x8  
  50  4:36  Spore Crawler  
  49  4:50  Drone x7  
  49  4:51  Spore Crawler, Drone x4  
  59  4:57  Pneumatized Carapace  
  58  5:02  Roach Warren  
  58  5:03  Drone  
  58  5:04  Extractor  
  58  5:06  Drone x4  
  61  5:08  Extractor  
  61  5:09  Extractor  
  59  5:22  Drone x2  
  61  5:52  Overlord x3  
  61  6:00  Extractor  
  61  6:01  Overlord x5  
  61  6:02  Extractor  
  58  6:04  Glial Reconstitution  
  58  6:06  Overlord x2  
  58  6:28  Roach  
  58  6:29  Roach x8  
  76  6:39  Drone x3  
  79  6:46  Drone x3  
  82  6:52  Hatchery  
  81  6:54  Evolution Chamber  
  81  6:55  Evolution Chamber  
  79  7:04  Roach  
  79  7:05  Roach x4  
  89  7:10  Queen  
  89  7:11  Drone x3  
  89  7:13  Drone x3, Hydralisk Den  
  89  7:15  Drone x4  
  100  7:21  Burrow  
  100  7:36  Zerg Missile Weapons Level 1  
  99  7:37  Zerg Ground Armor Level 1  
  99  7:52  Ravager x4  
  99  7:55  Lurker Den  
  99  7:57  Overlord x3  
  103  8:00  Drone x6  
  109  8:09  Zergling x2  
  109  8:10  Zergling x4  
  112  8:16  Hatchery  
  111  8:45  Hydralisk x2  
  111  8:46  Roach x2, Hydralisk x2  
  111  8:47  Roach  
  123  8:49  Hydralisk  
  123  8:50  Hydralisk x4  
  123  8:51  Zergling x12  
  139  9:05  Zergling x2  
  140  9:11  Overlord  
  140  9:21  Lurker x3  
  140  9:22  Lurker  
  140  9:23  Overlord x3  
  140  9:24  Overlord x2  
  144  9:27  Lurker x4  
  134  10:16  Hydralisk x8  
  150  10:24  Infestation Pit  
  148  10:43  Ravager x2  
  148  10:44  Ravager x5  
  148  10:45  Zergling x12, Roach  
  148  10:46  Zergling x12  
Tags
 
Composition
Lurkers
Matchup
TvZ
Replay Pack
replay pack
Add a new tag
Caveats
  • Supply blocks, unpowered buildings, or Contaminate may cause inaccurate times.
  • Supply counts are checked every 10 seconds.